| TOP OF THE 1ST |
|
Lake County Captains batting - Pitching for Burlington Bees : RHP Getachew El Sayed
|
|
Pitching: RHP Getachew El Sayed
|
|
|
Batting: RHB George Wagner
|
0-0: Ball 1-0: Called Strike 1-1: Ball 2-1: DOUBLE (Line Drive, 9LM, EV 105.0 MPH)
|
|
Batting: RHB Steve Gusman
|
0-0: Ball 1-0: Ball 2-0: Called Strike 2-1: Called Strike 2-2: Strikes out swinging
|
|
Batting: RHB Anibal Casteles
|
0-0: Called Strike 0-1: Foul Ball, location: 2F 0-2: Strikes out swinging
|
|
Batting: LHB Jeff Palmowski
|
0-0: Ball Passed Ball! George Wagner to third 1-0: SINGLE (Line Drive, 7LS, EV 103.8 MPH) George Wagner scores
|
|
Batting: RHB Josh Patterson
|
0-0: Ball Jeff Palmowski is caught stealing 2nd base 2-4
|
| Top of the 1st over - 1 run, 2 hits, 0 errors, 0 left on base; Lake County 1 - Burlington 0 |
| BOTTOM OF THE 1ST |
|
Burlington Bees batting - Pitching for Lake County Captains : RHP Jose Esteban
|
|
Pitching: RHP Jose Esteban
|
|
|
Batting: RHB Khalil Thurston
|
0-0: Called Strike 0-1: Called Strike 0-2: Ground out 3-1 (Groundball, 34, EV 105.6 MPH)
|
|
Batting: RHB T.J. Gray
|
0-0: Ground out 5-3 (Groundball, 5S, EV 91.2 MPH)
|
|
Batting: LHB Dave Hicks
|
0-0: Called Strike 0-1: Swinging Strike 0-2: Strikes out swinging
|
| Bottom of the 1st over - 0 runs, 0 hits, 0 errors, 0 left on base; Lake County 1 - Burlington 0 |
| TOP OF THE 2ND |
|
Lake County Captains batting - Pitching for Burlington Bees : RHP Getachew El Sayed
|
|
Batting: RHB Josh Patterson
|
0-0: Ball 1-0: Called Strike 1-1: Ground out 4-3 (Groundball, 4, EV 106.9 MPH)
|
|
Batting: LHB Aaron Caron
|
0-0: Swinging Strike 0-1: Called Strike 0-2: Ball 1-2: Ball 2-2: Ball 3-2: Fly out, F7 (Flyball, 7LMF, EV 111.2 MPH)
|
|
Batting: RHB Carlos Salazar
|
0-0: Foul Ball, location: 2F 0-1: Ball 1-1: SINGLE (Groundball, 56D, EV 106.2 MPH)
|
|
Batting: RHB Chris Diaz
|
0-0: Fly out, F8 (Line Drive, 8LS, EV 86.9 MPH)
|
| Top of the 2nd over - 0 runs, 1 hit, 0 errors, 1 left on base; Lake County 1 - Burlington 0 |
| BOTTOM OF THE 2ND |
|
Burlington Bees batting - Pitching for Lake County Captains : RHP Jose Esteban
|
|
Batting: RHB Kyler Seitz
|
0-0: Called Strike 0-1: Swinging Strike 0-2: Ball 1-2: Strikes out swinging
|
|
Batting: RHB Peter Westover
|
0-0: Called Strike 0-1: Ground out 6-3 (Groundball, 6, EV 79.4 MPH)
|
|
Batting: RHB Danny Bjarnson
|
0-0: Ball 1-0: Foul Ball, location: 2F 1-1: Foul Ball, location: 2F 1-2: Foul Ball, location: 2F 1-2: Strikes out looking
|
| Bottom of the 2nd over - 0 runs, 0 hits, 0 errors, 0 left on base; Lake County 1 - Burlington 0 |
| TOP OF THE 3RD |
|
Lake County Captains batting - Pitching for Burlington Bees : RHP Getachew El Sayed
|
|
Batting: RHB Jeremy Givens
|
0-0: Ball 1-0: Called Strike 1-1: Ball 2-1: Ball 3-1: Ground out 5-3 (Groundball, 5S, EV 88.1 MPH)
|
|
Batting: RHB George Wagner
|
0-0: Ball 1-0: Ball 2-0: Called Strike 2-1: Foul Ball, location: 2F 2-2: Foul Ball, location: 2F 2-2: Ball 3-2: Ground out 6-3 (Groundball, 6, EV 93.1 MPH)
|
|
Batting: RHB Steve Gusman
|
0-0: Called Strike 0-1: Ball 1-1: Foul Ball, location: 2F 1-2: Ground out 1-3 (Groundball, 15S, EV 68.1 MPH)
|
| Top of the 3rd over - 0 runs, 0 hits, 0 errors, 0 left on base; Lake County 1 - Burlington 0 |
| BOTTOM OF THE 3RD |
|
Burlington Bees batting - Pitching for Lake County Captains : RHP Jose Esteban
|
|
Batting: LHB Mutsuo IIda
|
0-0: Called Strike 0-1: Ball 1-1: Swinging Strike 1-2: Foul Ball, location: 2F 1-2: Ball 2-2: Ball 3-2: DOUBLE (Flyball, 8RXD, EV 107.5 MPH)
|
|
Batting: RHB Wilford Harper
|
0-0: Called Strike 0-1: Called Strike 0-2: Ball 1-2: Foul Ball, location: 2F 1-2: Ground out 6-3 (Groundball, 6, EV 76.2 MPH)
|
|
Batting: SHB Tim Connell
|
0-0: Called Strike 0-1: Ball 1-1: Ball 2-1: Ball 3-1: Called Strike 3-2: SINGLE (Groundball, 34S, EV 70.0 MPH) (infield hit) Mutsuo IIda to third
|
|
Batting: RHB Khalil Thurston
|
0-0: Ball Tim Connell steals 2nd base (no throw) 1-0: Ball 2-0: Ball 3-0: Base on Balls
|
|
Batting: RHB T.J. Gray
|
0-0: Foul Ball, location: 2F 0-1: Ball 1-1: Called Strike 1-2: Ball 2-2: Fielders Choice at 2nd, 4-6 (Groundball, 4, EV 101.9 MPH) Mutsuo IIda scores Tim Connell to third
|
|
Batting: LHB Dave Hicks
|
0-0: Ball 1-0: Swinging Strike 1-1: Foul Ball, location: 2F 1-2: Strikes out swinging
|
| Bottom of the 3rd over - 1 run, 2 hits, 0 errors, 2 left on base; Lake County 1 - Burlington 1 |
| TOP OF THE 4TH |
|
Lake County Captains batting - Pitching for Burlington Bees : RHP Getachew El Sayed
|
|
Batting: RHB Anibal Casteles
|
0-0: Called Strike 0-1: Ball 1-1: Ball 2-1: Ball 3-1: Reached via error on a dropped throw from SS, E3 (Groundball, 6S, EV 80.0 MPH)
|
|
Batting: LHB Jeff Palmowski
|
Balk! Anibal Casteles to second 0-0: Ground out U3 (Groundball, 3L, EV 111.2 MPH) Anibal Casteles to third
|
|
Batting: RHB Josh Patterson
|
0-0: Called Strike 0-1: Ball 1-1: Ball 2-1: Swinging Strike 2-2: Strikes out looking
|
|
Batting: LHB Aaron Caron
|
0-0: Ball 1-0: Ball 2-0: Ball 3-0: Base on Balls
|
|
Batting: RHB Carlos Salazar
|
0-0: SINGLE (Line Drive, 8RS, EV 113.1 MPH) Anibal Casteles scores Aaron Caron to second Runner from 2nd tries for 3rd, OUT! 8-5
|
| Top of the 4th over - 1 run, 1 hit, 1 error, 1 left on base; Lake County 2 - Burlington 1 |
| BOTTOM OF THE 4TH |
|
Burlington Bees batting - Pitching for Lake County Captains : RHP Jose Esteban
|
|
Batting: RHB Kyler Seitz
|
0-0: Ball 1-0: Called Strike 1-1: Called Strike 1-2: Ball 2-2: Strikes out looking
|
|
Batting: RHB Peter Westover
|
0-0: Fly out, F6 (Popup, 6, EV 73.8 MPH)
|
|
Batting: RHB Danny Bjarnson
|
0-0: Called Strike 0-1: Fly out, F9 (Flyball, 89D, EV 97.5 MPH)
|
| Bottom of the 4th over - 0 runs, 0 hits, 0 errors, 0 left on base; Lake County 2 - Burlington 1 |
| TOP OF THE 5TH |
|
Lake County Captains batting - Pitching for Burlington Bees : RHP Getachew El Sayed
|
|
Batting: RHB Chris Diaz
|
0-0: Ball 1-0: Ball 2-0: Foul Ball, location: 2F 2-1: Ball 3-1: Swinging Strike 3-2: Foul Ball, location: 2F 3-2: Strikes out swinging
|
|
Batting: RHB Jeremy Givens
|
0-0: Ball 1-0: Swinging Strike 1-1: Swinging Strike 1-2: Strikes out swinging
|
|
Batting: RHB George Wagner
|
0-0: Called Strike 0-1: Ball 1-1: Called Strike 1-2: SINGLE (Groundball, 4M, EV 80.0 MPH) (infield hit)
|
|
Pitching: RHP In Bea
|
|
|
Batting: RHB Steve Gusman
|
0-0: Called Strike 0-1: Called Strike George Wagner steals 2nd base 0-2: Ball 1-2: Ground out 4-3 (Groundball, 4, EV 80.6 MPH)
|
| Top of the 5th over - 0 runs, 1 hit, 0 errors, 1 left on base; Lake County 2 - Burlington 1 |
| BOTTOM OF THE 5TH |
|
Burlington Bees batting - Pitching for Lake County Captains : RHP Jose Esteban
|
|
Batting: LHB Mutsuo IIda
|
0-0: Ball 1-0: Called Strike 1-1: Ball 2-1: Ground out 5-3 (Groundball, 5, EV 81.2 MPH)
|
|
Batting: RHB Wilford Harper
|
0-0: Called Strike 0-1: Ball 1-1: Ball 2-1: SINGLE (Flyball, 78S, EV 85.0 MPH)
|
|
Batting: SHB Tim Connell
|
0-0: Called Strike 0-1: Fielders Choice at 2nd, 3-6 (Groundball, 34S, EV 85.0 MPH)
|
|
Batting: RHB Khalil Thurston
|
0-0: Foul Ball, location: 2F 0-1: Reached on error, E6 (Groundball, 6, EV 85.0 MPH) Tim Connell to second
|
|
Batting: RHB T.J. Gray
|
0-0: Ball 1-0: Fly out, F7 (Line Drive, 7S, EV 91.9 MPH)
|
| Bottom of the 5th over - 0 runs, 1 hit, 1 error, 2 left on base; Lake County 2 - Burlington 1 |
| TOP OF THE 6TH |
|
Lake County Captains batting - Pitching for Burlington Bees : RHP In Bea
|
|
Batting: RHB Anibal Casteles
|
0-0: Foul Ball, location: 2F 0-1: Foul Ball, location: 2F 0-2: Ground out 3-1 (Groundball, 34S, EV 80.0 MPH)
|
|
Batting: LHB Jeff Palmowski
|
0-0: Ball 1-0: Ball 2-0: Ball 3-0: Called Strike 3-1: SINGLE (Line Drive, 4D, EV 96.2 MPH)
|
|
Batting: RHB Josh Patterson
|
0-0: SINGLE (Flyball, 4MD, EV 95.6 MPH) Jeff Palmowski to second
|
|
Batting: LHB Aaron Caron
|
0-0: Ball 1-0: Ball 2-0: Ball 3-0: Called Strike 3-1: Foul Ball, location: 2F 3-2: Strikes out looking
|
|
Pinch Hitting: LHB John Shults
|
0-0: Ball 1-0: Called Strike 1-1: Ball 2-1: DOUBLE (Line Drive, 89M, EV 98.8 MPH) Jeff Palmowski scores Josh Patterson to third Runner from 3rd tries for Home, SAFE, throw by CF to home
|
|
Batting: RHB Chris Diaz
|
0-0: Foul Ball, location: 2F 0-1: Ground out 5-3 (Groundball, 56, EV 103.1 MPH)
|
| Top of the 6th over - 2 runs, 3 hits, 0 errors, 1 left on base; Lake County 4 - Burlington 1 |
| BOTTOM OF THE 6TH |
|
Burlington Bees batting - Pitching for Lake County Captains : RHP Jose Esteban
|
|
Now in LF: Travis Burnett
|
|
|
Batting: LHB Dave Hicks
|
0-0: Ball 1-0: Foul Ball, location: 2F 1-1: Ball 2-1: SINGLE (Groundball, 6MD, EV 96.9 MPH)
|
|
Batting: RHB Kyler Seitz
|
0-0: Ball 1-0: Called Strike Balk! Dave Hicks to second 1-1: Swinging Strike 1-2: Strikes out swinging
|
|
Batting: RHB Peter Westover
|
0-0: Ball 1-0: Foul Ball, location: 2F 1-1: Called Strike 1-2: Strikes out swinging
|
|
Batting: RHB Danny Bjarnson
|
0-0: Called Strike 0-1: Ball 1-1: Ball 2-1: Ball 3-1: Fly out, F6 (Popup, 6M, EV 69.4 MPH)
|
| Bottom of the 6th over - 0 runs, 1 hit, 0 errors, 1 left on base; Lake County 4 - Burlington 1 |
| TOP OF THE 7TH |
|
Lake County Captains batting - Pitching for Burlington Bees : RHP In Bea
|
|
Pitching: RHP Tim Mumpower
|
|
|
Pinch Hitting: LHB Ben Rubenacker
|
0-0: Ball 1-0: Ball 2-0: Called Strike 2-1: Foul Ball, location: 2F 2-2: SINGLE (Flyball, 5D, EV 84.4 MPH)
|
|
Batting: RHB George Wagner
|
0-0: Sac Bunt to 3S - play at first, batter OUT! 3-1 Ben Rubenacker to second
|
|
Batting: RHB Steve Gusman
|
0-0: Ground out 5-3 (Groundball, 56, EV 90.6 MPH)
|
|
Batting: RHB Anibal Casteles
|
0-0: Ball 1-0: Ball 2-0: Ball 3-0: Base on Balls
|
|
Batting: LHB Jeff Palmowski
|
0-0: Called Strike 0-1: Ball 1-1: Swinging Strike 1-2: Foul Ball, location: 2F 1-2: Strikes out swinging
|
| Top of the 7th over - 0 runs, 1 hit, 0 errors, 2 left on base; Lake County 4 - Burlington 1 |
| BOTTOM OF THE 7TH |
|
Burlington Bees batting - Pitching for Lake County Captains : RHP Jose Esteban
|
|
Now at 2B: John Bianconi
|
|
|
Now at SS: Adam McMillen
|
|
|
Batting: LHB Mutsuo IIda
|
0-0: Called Strike 0-1: Ball 1-1: Ground out 6-3 (Groundball, 6MS, EV 84.4 MPH)
|
|
Batting: RHB Wilford Harper
|
0-0: Foul Ball, location: 2F 0-1: Swinging Strike 0-2: SINGLE (Groundball, 4D, EV 97.5 MPH)
|
|
Batting: SHB Tim Connell
|
0-0: SINGLE (Line Drive, 8RS, EV 108.1 MPH) Wilford Harper to second
|
|
Batting: RHB Khalil Thurston
|
0-0: Ball 1-0: Called Strike 1-1: Foul Ball, location: 2F 1-2: SINGLE (Groundball, 56S, EV 60.0 MPH) (infield hit) Wilford Harper to third Tim Connell to second
|
|
Batting: RHB T.J. Gray
|
0-0: Ball 1-0: Swinging Strike 1-1: Swinging Strike 1-2: Foul Ball, location: 2F 1-2: Foul Ball, location: 2F 1-2: Strikes out swinging
|
|
Pitching: LHP Troy Salzer
|
|
|
Batting: LHB Dave Hicks
|
0-0: Foul Ball, location: 2F 0-1: Foul Ball, location: 2F 0-2: Ball 1-2: Fly out, F8 (Line Drive, 8RM, EV 94.4 MPH)
|
| Bottom of the 7th over - 0 runs, 3 hits, 0 errors, 3 left on base; Lake County 4 - Burlington 1 |
| TOP OF THE 8TH |
|
Lake County Captains batting - Pitching for Burlington Bees : RHP Tim Mumpower
|
|
Pitching: RHP Josh Reynolds
|
|
|
Batting: RHB Josh Patterson
|
0-0: Foul Ball, location: 2F 0-1: Swinging Strike 0-2: Foul Ball, location: 2F 0-2: Strikes out swinging
|
|
Batting: LHB Aaron Caron
|
0-0: Called Strike 0-1: Ground out 5-3 (Groundball, 5, EV 80.6 MPH)
|
|
Batting: SHB Travis Burnett
|
0-0: Ball 1-0: SINGLE (Groundball, 56D, EV 102.5 MPH)
|
|
Batting: RHB Chris Diaz
|
0-0: Ball 1-0: Called Strike Travis Burnett steals 2nd, throwing error, E2 Travis Burnett to third 1-1: Ball 2-1: Ball 3-1: Called Strike 3-2: Base on Balls
|
|
Batting: RHB John Bianconi
|
0-0: Called Strike 0-1: Called Strike 0-2: Ball 1-2: Ball 2-2: Strikes out looking
|
| Top of the 8th over - 0 runs, 1 hit, 1 error, 2 left on base; Lake County 4 - Burlington 1 |
| BOTTOM OF THE 8TH |
|
Burlington Bees batting - Pitching for Lake County Captains : LHP Troy Salzer
|
|
Batting: RHB Kyler Seitz
|
0-0: Ball 1-0: Called Strike 1-1: Ball 2-1: Called Strike 2-2: Foul Ball, location: 2F 2-2: SOLO HOME RUN (Flyball, 7D, EV 99.4 MPH), Distance : 385 ft
|
|
Batting: RHB Peter Westover
|
0-0: Foul Ball, location: 2F 0-1: Foul Ball, location: 2F 0-2: Ball 1-2: Ball 2-2: Fly out, F8 (Flyball, 8LS, EV 76.2 MPH)
|
|
Batting: RHB Danny Bjarnson
|
0-0: Ball 1-0: Ball 2-0: DOUBLE (Line Drive, 78M, EV 107.5 MPH)
|
|
Batting: LHB Mutsuo IIda
|
0-0: Ball 1-0: Fly out, F7 (Flyball, 78XD, EV 108.8 MPH)
|
|
Batting: RHB Wilford Harper
|
0-0: Ball 1-0: Foul Ball, location: 2F 1-1: Ball 2-1: Ball 3-1: Base on Balls
|
|
Batting: SHB Tim Connell
|
0-0: Ball 1-0: Called Strike 1-1: Ball 2-1: Called Strike 2-2: Foul Ball, location: 2F 2-2: Ball 3-2: Strikes out looking
|
| Bottom of the 8th over - 1 run, 2 hits, 0 errors, 2 left on base; Lake County 4 - Burlington 2 |
| TOP OF THE 9TH |
|
Lake County Captains batting - Pitching for Burlington Bees : RHP Josh Reynolds
|
|
Batting: RHB George Wagner
|
0-0: Ground out 5-3 (Groundball, 15, EV 77.5 MPH)
|
|
Batting: RHB Adam McMillen
|
0-0: Swinging Strike 0-1: Swinging Strike 0-2: Strikes out swinging
|
|
Batting: RHB Anibal Casteles
|
0-0: Ball 1-0: Ball 2-0: Swinging Strike 2-1: Ball 3-1: Base on Balls
|
|
Batting: LHB Jeff Palmowski
|
0-0: Called Strike 0-1: Foul Ball, location: 2F 0-2: Strikes out swinging
|
| Top of the 9th over - 0 runs, 0 hits, 0 errors, 1 left on base; Lake County 4 - Burlington 2 |
| BOTTOM OF THE 9TH |
|
Burlington Bees batting - Pitching for Lake County Captains : LHP Troy Salzer
|
|
Pitching: RHP Justin Stone
|
|
|
Batting: RHB Khalil Thurston
|
0-0: Called Strike 0-1: Foul Ball, location: 2F 0-2: Foul Ball, location: 2F 0-2: Strikes out swinging
|
|
Batting: RHB T.J. Gray
|
0-0: Called Strike 0-1: Ball 1-1: Swinging Strike 1-2: Ball 2-2: Ball 3-2: Strikes out swinging
|
|
Batting: LHB Dave Hicks
|
0-0: Ball 1-0: DOUBLE (Line Drive, 9LM, EV 93.1 MPH)
|
|
Batting: RHB Kyler Seitz
|
0-0: Fly out, F8 (Flyball, 78M, EV 83.1 MPH)
|
| Bottom of the 9th over - 0 runs, 1 hit, 0 errors, 1 left on base; Lake County 4 - Burlington 2 |
|